 Dungeon Crawl Stone Soup version 0.27-a0-1189-gb8eb6cee8e (webtiles) character file.

Game seed: 6830984190751065853

434 flotson the Covert (level 7, -2/59 HPs)
             Began as a Gnoll Delver on May 23, 2021.
             Slain by an iron imp (9 damage)
             ... summoned by Eustachio
             ... on level 4 of the Dungeon.
             The game lasted 00:06:46 (3344 turns).

flotson the Covert (Gnoll Delver)                   Turns: 3344, Time: 00:06:47

Health: -2/59      AC:  6    Str: 13    XL:     7   Next: 0%
Magic:  10/10      EV: 13    Int:  9    God:
Gold:   144        SH:  0    Dex: 20    Spells: 10/10 levels left

rFire    . . .     SeeInvis .   a - +2 whip (elec)
rCold    . . .     Faith    .   (no shield)
rNeg     . . .     Spirit   .   h - +0 ring mail
rPois    .         Reflect  .   (no helmet)
rElec    .         Harm     .   o - +0 cloak
rCorr    .         Rampage  .   (no gloves)
Will     +....                  (no boots)
Stlth    ++++......             (no amulet)
HPRegen  0.19/turn              n - +6 ring of dexterity
MPRegen  0.12/turn              m - ring of willpower

@: no status effects
A: fangs 1, strong nose, distributed training
a: no special abilities


You were on level 4 of the Dungeon.
You visited 1 branch of the dungeon, and saw 5 of its levels.
You also visited: Sewer.

You collected 144 gold pieces.

Inventory:

Hand Weapons
 a - a +2 whip of electrocution (weapon)
Armour
 h - a +0 ring mail (worn)
 o - a +0 cloak (worn)
Jewellery
 m - a ring of willpower (right hand)
 n - a +6 ring of dexterity (left hand)
 p - a ring of magical power
Wands
 g - a wand of digging (3)
Scrolls
 b - 8 scrolls of identify {unknown}
 c - 3 scrolls of fog
 e - 2 scrolls of fear
 f - 2 scrolls of magic mapping
 j - a scroll of blinking {unknown}
 l - 3 scrolls of teleportation {unknown}
Potions
 d - 2 potions of curing {unknown}
 i - a potion of might
 k - 3 potions of flight {unknown}
 q - a potion of invisibility {unknown}
 r - a potion of heal wounds {unknown}
 s - a potion of mutation {unknown}
 t - a potion of attraction {unknown}


   Skills:
 + Level 6.9 Fighting
 + Level 2.2 Short Blades
 + Level 2.2 Long Blades
 + Level 2.2 Axes
 + Level 2.2 Maces & Flails
 + Level 5.1 Polearms
 + Level 2.2 Staves
 + Level 2.2 Slings
 + Level 2.2 Bows
 + Level 2.2 Crossbows
 + Level 2.2 Throwing
 + Level 2.2 Armour
 + Level 5.1 Dodging
 + Level 9.8 Stealth
 + Level 2.2 Shields
 + Level 2.2 Unarmed Combat
 + Level 2.2 Spellcasting
 + Level 1.7 Conjurations
 + Level 1.7 Hexes
 + Level 1.7 Summonings
 + Level 1.7 Necromancy
 + Level 1.7 Translocations
 + Level 1.7 Transmutations
 + Level 1.7 Fire Magic
 + Level 1.7 Ice Magic
 + Level 1.7 Air Magic
 + Level 1.7 Earth Magic
 + Level 1.7 Poison Magic
 + Level 2.4 Invocations
 + Level 2.2 Evocations


You had 10 spell levels left.
You didn't know any spells.
Your spell library contained the following spells:

 Spells                   Type           Power      Damage    Failure   Level
 Foxfire                  Conj/Fire      16%        2x1d4     34%         1
 Sandblast                Erth           8%         2d5       34%         1
 Sting                    Tmut/Pois      16%        1d3       34%         1
 Passwall                 Tmut/Erth      3%         N/A       45%         2
 Poisonous Vapours        Pois/Air       8%         N/A       45%         2
 Conjure Flame            Conj/Fire      4%         6-21      71%         3
 Ignite Poison            Fire/Tmut/Pois 4%         N/A       71%         3
 Inner Flame              Hex/Fire       4%         N/A       71%         3
 Mephitic Cloud           Conj/Pois/Air  4%         N/A       71%         3
 Stone Arrow              Conj/Erth      8%         3d7       71%         3
 Olgreb's Toxic Radiance  Pois           4%         N/A       98%         4
 Petrify                  Tmut/Erth      4%         N/A       98%         4
 Sticky Flame             Conj/Fire      4%         2d3       98%         4
 Fireball                 Conj/Fire      2%         3d4       100%        5
 Lee's Rapid Deconstruct  Erth           2%         3d5*      100%        5


Dungeon Overview and Level Annotations

Branches:
Dungeon (5/15)              Sewer (visited)
 Temple: D:4-7

Altars:
Makhleb
Qazlal
Zin

Shops:
D:1 *

Annotations:
D:3 3 runed translucent doors, Nolbo's ghost, weakling GnFE
D:4 Eustachio


Innate Abilities, Weirdness & Mutations

You have very sharp teeth.
Your uncanny sense of smell can sniff out nearby items.
Your experience applies equally to all skills.


Message History

The bat closely misses you. The bat hits you but does no damage.
Eustachio completely misses you. The river rat bites you.
The bat hits you but does no damage.
The white imp grins evilly.
The white imp barely misses you.
The crimson imp blinks!
The shadow imp hits you but does no damage.
You closely miss Eustachio.
Eustachio is almost dead.
The bat hits you. Eustachio closely misses you. The river rat misses you.
The iron imp hits you. The bat hits you but does no damage.
The white imp hits you but does no damage.
The shadow imp closely misses you.
You closely miss Eustachio.
Eustachio is almost dead.
The shadow imp disappears in a puff of smoke!
The bat hits you but does no damage.
Eustachio gestures wildly while chanting.
Eustachio blinks!
The river rat bites you! The bat hits you but does no damage.
The iron imp closely misses you.
An ufetubus comes into view.
The bat hits you but does no damage. x2; The white imp barely misses you.
The ufetubus moves out of view.
Eustachio mumbles some strange words.
Eustachio blinks!
The white imp hits you but does no damage.
You hit Eustachio but do no damage.
Eustachio is almost dead.
Eustachio hits you with a +0 falchion.
You completely miss Eustachio.
Eustachio is almost dead.
The river rat closely misses you. Eustachio hits you with a +0 falchion.
You hit Eustachio.
Eustachio is almost dead.
The river rat bites you.
* * * LOW HITPOINT WARNING * * *
Eustachio hits you with a +0 falchion!
* * * LOW HITPOINT WARNING * * *
The iron imp sputters.
The iron imp hits you!
You die...

## ##...
#...#####. #####
##....)...
#.......#
##..#####
#########..##
#5.........##
##5b.###.....#####
#5r### ####.......
#@## ##...... #@#
####### #.# #..
#.. ...# ...# ..##


You could see Eustachio, 2 iron imps, a river rat (summoned), a white imp
(summoned) and a bat (summoned).

Vanquished Creatures
  An ice beast (D:3)
  A phantom (D:4)
  A water moccasin skeleton (D:4)
  Natasha (thrice) (D:3)
  An orc wizard (D:3)
  3 adders
  An adder skeleton (D:4)
  2 worms
  2 dart slugs (D:1)
  4 orcs
  7 endoplasms
  3 giant cockroaches
  6 goblins
  9 hobgoblins
  3 jackals
  A quokka (D:2)
  10 ball pythons
  2 bats
  8 frilled lizards
  3 kobolds (D:1)
  14 rats
85 creatures vanquished.

Notes
Turn   | Place    | Note
-------+----------+-------------------------------------------
     0 | D:5      | Reached skill level 9 in Stealth
     0 | D:5      | flotson the Gnoll Delver began the quest for the Orb.
     0 | D:5      | Reached XP level 1. HP: 23/23 MP: 1/1
   109 | D:4      | Reached skill level 1 in Short Blades
   109 | D:4      | Reached skill level 1 in Long Blades
   109 | D:4      | Reached skill level 1 in Axes
   109 | D:4      | Reached skill level 1 in Maces & Flails
   109 | D:4      | Reached skill level 1 in Staves
   109 | D:4      | Reached skill level 1 in Slings
   109 | D:4      | Reached skill level 1 in Bows
   109 | D:4      | Reached skill level 1 in Crossbows
   109 | D:4      | Reached skill level 1 in Throwing
   109 | D:4      | Reached skill level 1 in Armour
   109 | D:4      | Reached skill level 1 in Shields
   109 | D:4      | Reached skill level 1 in Unarmed Combat
   109 | D:4      | Reached skill level 1 in Spellcasting
   109 | D:4      | Reached skill level 1 in Invocations
   109 | D:4      | Reached skill level 1 in Evocations
   109 | D:4      | Reached XP level 2. HP: 17/29 MP: 1/3
   109 | D:4      | Reached XP level 3. HP: 20/35 MP: 1/4
   303 | D:4      | Noticed a necrophage
   341 | D:3      | Found a stormy altar of Qazlal.
   398 | D:3      | Reached XP level 4. HP: 34/41 MP: 5/5
   424 | D:3      | Found a glowing drain.
   431 | Sewer    | Entered a sewer
   594 | Sewer    | Noticed Purgy
   681 | D:3      | Noticed an ice beast
   697 | D:3      | Noticed Natasha
   707 | D:3      | Killed Natasha
   708 | D:3      | Reached skill level 1 in Conjurations
   708 | D:3      | Reached skill level 1 in Hexes
   708 | D:3      | Reached skill level 1 in Summonings
   708 | D:3      | Reached skill level 1 in Necromancy
   708 | D:3      | Reached skill level 1 in Translocations
   708 | D:3      | Reached skill level 1 in Transmutations
   708 | D:3      | Reached skill level 1 in Fire Magic
   708 | D:3      | Reached skill level 1 in Ice Magic
   708 | D:3      | Reached skill level 1 in Air Magic
   708 | D:3      | Reached skill level 1 in Earth Magic
   708 | D:3      | Reached skill level 1 in Poison Magic
  1033 | D:3      | Noticed Natasha
  1037 | D:3      | Reached XP level 5. HP: 25/47 MP: 5/7
  1046 | D:3      | Killed Natasha
  1062 | D:3      | Noticed Natasha
  1230 | D:3      | Killed Natasha
  1855 | D:1      | Found Xinniwi's General Store.
  1939 | D:1      | Reached XP level 6. HP: 53/53 MP: 8/8
  2425 | D:2      | Found a faded altar of an unknown god.
  2844 | D:3      | Found a burning altar of Makhleb.
  2852 | D:3      | Found a glowing silver altar of Zin.
  2852 | D:3      | Noticed an angel
  2852 | D:3      | Noticed a green death
  2888 | D:3      | Found a runed translucent gate.
  2889 | D:3      | Found a runed translucent gate.
  2897 | D:3      | Found a runed translucent gate.
  2898 | D:3      | Noticed Nolbo's ghost (weakling GnFE)
  2990 | D:3      | Killed an ice beast
  2991 | D:3      | Reached skill level 5 in Polearms
  2991 | D:3      | Reached skill level 5 in Dodging
  3214 | D:4      | Noticed Eustachio
  3239 | D:4      | Reached XP level 7. HP: 51/59 MP: 10/10
  3344 | D:4      | Slain by an iron imp

Illustrated notes

Levels and vault maps discovered:
D:1:      dpeg_arrival_stonehenge_12_columns, layout_loops_ring, serial_shops,
          shop, minmay_pentomino_t4
D:2:      layout_basic, hellmonk_ecumenical_altar_inner_sanctum,
          minmay_misc_feat_rows, kennysheep_generic_room_10
D:3:      layout_rooms, grunt_temple_overflow_order_and_chaos_2,
          lemuel_round_altar, gammafunk_ghost_split, portal_sewer_entry_e,
          uniq_natasha
D:4:      layout_layer_cave, uniq_grinder, uniq_eustachio
D:5:      layout_basic, lemuel_tele_altar, skrybe_limestone_x,
          saegor_snake_ambush

Skill      XL: |  1  2  3  4  5  6 |
---------------+-------------------+-----
Stealth        | |  9.8
Short Blades   | 1 2 |  2.2
Long Blades    | 1 2 |  2.2
Axes           | 1 2 |  2.2
Maces & Flails | 1 2 |  2.2
Staves         | 1 2 |  2.2
Slings         | 1 2 |  2.2
Bows           | 1 2 |  2.2
Crossbows      | 1 2 |  2.2
Throwing       | 1 2 |  2.2
Armour         | 1 2 |  2.2
Shields        | 1 2 |  2.2
Unarmed Combat | 1 2 |  2.2
Spellcasting   | 1 2 |  2.2
Invocations    | 1 2 |  2.4
Evocations     | 1 2 |  2.2
Conjurations   | 1 |  1.7
Hexes          | 1 |  1.7
Summonings     | 1 |  1.7
Necromancy     | 1 |  1.7
Translocations | 1 |  1.7
Transmutations | 1 |  1.7
Fire Magic     | 1 |  1.7
Ice Magic      | 1 |  1.7
Air Magic      | 1 |  1.7
Earth Magic    | 1 |  1.7
Poison Magic   | 1 |  1.7
Polearms       | 5 |  5.1
Dodging        | 5 |  5.1
Fighting       | |  6.9

Action                   |  1- 3 |  4- 6 |  7- 9 || total
-------------------------+-------+-------+-------++-------
Melee: Spear             |    31 |    46 |       ||    77
       Bite              |     2 |    16 |     1 ||    19
       Whip              |       |   156 |    17 ||   173
       Punch             |       |     3 |       ||     3
  Use: Potion            |     1 |     1 |       ||     2
       Scroll            |     1 |       |       ||     1
 Stab: Sleeping          |     1 |    16 |     1 ||    18
       Distracted        |       |     1 |       ||     1
Armor: Leather armour    |     2 |       |       ||     2
       Ring mail         |     7 |    58 |    12 ||    77
Dodge: Dodged            |    21 |   116 |    25 ||   162

Table legend: (Time is in decaauts)
 A = Elapsed time spent in this place.
 B = Non-inter-level travel time spent in this place.
 C = Inter-level travel time spent in this place.
 D = Time resting spent in this place.
 E = Time spent auto-exploring this place.
 F = Levels seen in this place.
 G = Mean time per level.
                   A        B        C        D        E       F      G
               +--------+--------+--------+--------+--------+-----+--------+
         Total |   3355 |   3256 |     99 |    364 |   2068 |   6 |  559.2 |
       Dungeon |   3152 |   3053 |     99 |    364 |   1934 |   5 |  630.4 |
         Sewer |    203 |    203 |      0 |      0 |    134 |   1 |  203.0 |
               +--------+--------+--------+--------+--------+-----+--------+

Top non-repeatable levels by time:
     D:3: 1194 daAuts
     D:2: 719 daAuts
     D:1: 695 daAuts
     D:4: 495 daAuts
   Sewer: 203 daAuts
     D:5: 48 daAuts
